 Dungeon Crawl Stone Soup version 0.29-a0-323-g050149af67 (webtiles) character file.

Game seed: 1940705184218673264

64 bande the Shield-Bearer (level 4, -10/29 HPs)
             Began as a Gargoyle Fighter on Apr 11, 2022.
             Mangled by Crazy Yiuf
             ... wielding a +2 quarterstaff of chaos
              (18 damage)
             ... on level 2 of the Dungeon.
             The game lasted 00:02:36 (2309 turns).

bande the Shield-Bearer (Gargoyle Fighter)          Turns: 2309, Time: 00:02:38

Health: -10/29     AC: 10    Str: 19    XL:     4   Next: 12%
Magic:  4/4        EV:  9    Int:  9    God:
Gold:   146        SH:  4    Dex: 11    Spells: 3/3 levels left

rFire   . . .      SeeInvis .   a - +0 war axe
rCold   . . .      Faith    .   c - +0 buckler
rNeg    + . .      Spirit   .   b - +0 scale mail
rPois   ∞          Reflect  .   (no helmet)
rElec   +          Harm     .   (no cloak)
rCorr   .          Rampage  .   (no gloves)
Will    .....                   (no boots)
Stlth   ..........              (no amulet)
HPRegen 0.09/turn               (no ring)
MPRegen 0.09/turn               (no ring)

@: no status effects
A: sickness immunity, AC +3, negative energy resistance 1, electricity
resistance, torment resistance 1, petrification resistance
a: no special abilities


You were on level 2 of the Dungeon.
You visited 1 branch of the dungeon, and saw 2 of its levels.

You collected 146 gold pieces.

Inventory:

Hand Weapons
 a - a +0 war axe (weapon)
Armour
 b - a +0 scale mail (worn)
 c - a +0 buckler (worn)
Scrolls
 e - a scroll of immolation {unknown}
 f - 5 scrolls of identify {unknown}
 k - a scroll of fear {unknown}
Potions
 d - a potion of might
 g - 2 potions of curing {unknown}
 h - a potion of resistance {unknown}
 i - a potion of heal wounds {unknown}
 j - 2 potions of degeneration {unknown}


   Skills:
 + Level 3.7 Fighting
 + Level 2.7 Axes
 + Level 3.7 Armour
 + Level 3.9 Shields


You had 3 spell levels left.
You didn't know any spells.
Your spell library contained the following spells:

 Spells                   Type           Power      Damage    Failure   Level
 Freeze                   Ice            0%         1d3       83%         1
 Wereblood                Tmut           0%         N/A       93%         2
 Frozen Ramparts          Ice            0%         1d2       99%         3
 Hailstorm                Conj/Ice       0%         3d3       100%        4
 Summon Hydra             Summ           0%         N/A       100%        7
 Sublimation of Blood     Necr           Unusable   N/A       N/A         2

Dungeon Overview and Level Annotations

Branches:
Dungeon (2/15)

Altars:

Shops:
D:1 (

Annotations:
D:2 Crazy Yiuf


Innate Abilities, Weirdness & Mutations

You are immune to sickness and miasma.
Your stone body is resilient. (AC +3)
You are immune to poison.
You resist negative energy. (rN+)
You are resistant to electric shocks. (rElec)
You are resistant to unholy torment.
You are immune to petrification.


Message History

A quokka comes into view.
You block the quokka's attack.
You hit the quokka.
The quokka is severely wounded.
The quokka closely misses you. x2
You hit the quokka.
You kill the quokka!
No target in view!
No target in view!
No target in view!
No target in view!
No target in view!
You see here a quokka corpse.
There is a stone staircase leading up here.
There is a stone staircase leading up here.
You see here a +0 scale mail.
There is a stone staircase leading down here.
There is a stone staircase leading down here.
You see here a +0 scale mail.
Key pressed, stopping explore.
No reachable target in view!
No reachable target in view!
No reachable target in view!
No reachable target in view!
Could not explore, unopened runed door.
Could not explore, unopened runed door.
You open the door.
Crazy Yiuf screams, "Gum cloud sallow!"
You hit Crazy Yiuf.
Crazy Yiuf is lightly wounded.
Crazy Yiuf hits you with a +2 quarterstaff of chaos!
Crazy Yiuf burns you.
You slash Crazy Yiuf!
Crazy Yiuf is severely wounded.
Crazy Yiuf closely misses you.
Crazy Yiuf hits you with a +2 quarterstaff of chaos.
* * * LOW HITPOINT WARNING * * *
Space warps horribly around you!!
Ouch! That really hurt!
You die...

#.# #.# #####.#
#..#### #.##
#..##♣♣♣♣♣
#..+...♣.♣♣♣ ###
#.......♣..♣#...#
#......♣♣♣♣@g...#
######..+..♣♣
♣♣#..)#
.......###♣♣ ###
########


You could see Crazy Yiuf.

Vanquished Creatures
  An adder (D:2)
  A dart slug (D:2)
  5 ball pythons
  5 bats
  5 endoplasms
  3 giant cockroaches
  7 goblins
  2 hobgoblins
  4 jackals
  2 kobolds
  A quokka (D:2)
  5 frilled lizards
  6 rats (D:1)
47 creatures vanquished.

Notes
Turn   | Place    | Note
-------+----------+-------------------------------------------
     0 | D:1      | bande the Gargoyle Fighter began the quest for the Orb.
     0 | D:1      | Reached XP level 1. HP: 14/14 MP: 1/1
   231 | D:1      | Reached XP level 2. HP: 15/19 MP: 2/2
   316 | D:1      | Found a faded altar of an unknown god.
   893 | D:1      | Reached XP level 3. HP: 23/23 MP: 3/3
  1074 | D:1      | Found Jiukon's Antique Weapon Emporium.
  1799 | D:2      | Reached XP level 4. HP: 18/29 MP: 4/4
  1990 | D:2      | Found a runed translucent door.
  1991 | D:2      | Noticed Crazy Yiuf
  2309 | D:2      | Mangled by Crazy Yiuf

Illustrated notes

Levels and vault maps discovered:
D:1:      evilmike_arrival_plus, layout_basic,
          shapermc_ecumenical_altar_acropolis, serial_shops, shop
D:2:      layout_loops_ring, dreamdust_wishing_well, due_unseen_surprise,
          uniq_crazy_yiuf_cottage

Skill      XL: |  1  2 |
---------------+-------+-----
Axes           | 2 |  2.7
Fighting       | |  3.7
Armour         | |  3.7
Shields        | |  3.9

Action                   |  1- 3 |  4- 6 || total
-------------------------+-------+-------++-------
Melee: War axe           |   115 |    20 ||   135
Armor: Scale mail        |    73 |    13 ||    86
Dodge: Dodged            |    53 |    13 ||    66
Block: Buckler           |    31 |     5 ||    36

Table legend: (Time is in decaauts)
 A = Elapsed time spent in this place.
 B = Non-inter-level travel time spent in this place.
 C = Inter-level travel time spent in this place.
 D = Time resting spent in this place.
 E = Time spent auto-exploring this place.
 F = Levels seen in this place.
 G = Mean time per level.
                   A        B        C        D        E       F      G
               +--------+--------+--------+--------+--------+-----+--------+
         Total |   2366 |   2366 |      0 |    270 |   1748 |   2 | 1183.0 |
       Dungeon |   2366 |   2366 |      0 |    270 |   1748 |   2 | 1183.0 |
               +--------+--------+--------+--------+--------+-----+--------+

Top non-repeatable levels by time:
     D:1: 1390 daAuts
     D:2: 976 daAuts
